AoeStats
← ^8Fischy^3123

Coastal Forest

510352123Analyzed
2v2 RM · 18h ago on Sep 30, 2026· 48m 35s· 4 players
Game mode
Random Map
Map size
Medium (4 player)
Population
200
Speed
Normal
Resources
Standard
Victory
Conquest
Starting age
Dark Age
Ending age
Imperial Age
RankedLock teamsTeams togetherTeam positionsShared explorationLock speedFull tech treeHidden civsTurbo modeCheats
Victory
Defeat
🇧🇪 Romans · Belgium
860
+16
🇦🇲 Armenians · Armenia
840
+17
🇩🇪 Koreans · Germany
886
-22
🇨🇳 Mongols · China
840
-16
Grunch
7:39 Loom
10:28 Feudal Age
11:43 Wheelbarrow
10:57 Double-Bit Axe
11:43 Horse Collar
17:08 Gold Mining
18:39 Scale Mail Armor
18:50 Forging
18:11 Man-at-Arms
19:56 Town Watch
22:53 Fletching
24:24 Padded Archer Armor
25:05 Stone Mining
26:32 Fishing Lines
30:24 Castle Age
31:17 Squires
30:37 Pikeman
31:03 Gambesons
31:39 Hand Cart
31:37 Bow Saw
32:38 Chain Mail Armor
33:01 Iron Casting
33:06 Town Patrol
33:31 Heavy Plow
38:15 Gold Shaft Mining
40:09 Gillnets
41:14 Bodkin Arrow
43:55 Medium Warships
43:18 Demolition Ship
44:10 Medium Warships
44:55 Leather Archer Armor
44:46 Scale Barding Armor
50:26 Imperial Age
Ernst paul
4:32 Loom
10:52 Feudal Age
11:20 Double-Bit Axe
11:31 Horse Collar
12:15 Man-at-Arms
19:08 Scale Mail Armor
19:18 Forging
25:52 Castle Age
23:53 Stone Mining
24:40 Fletching
24:51 Padded Archer Armor
26:46 Bow Saw
27:31 Wheelbarrow
26:27 Elite Skirmisher
27:29 Leather Archer Armor
28:32 Chain Mail Armor
27:40 Pikeman
28:22 Squires
29:52 Gold Mining
30:38 Heavy Plow
34:41 Imperial Age
35:50 Ballistics
36:31 Chemistry
34:55 Heavy Scorpion
35:40 Long Swordsman
39:02 Gold Shaft Mining
40:04 Conscription
42:59 Comitatenses
45:12 Halberdier
45:14 Legionary
46:58 Ballistas
^8Fischy^3123
10:53 Feudal Age
15:46 Man-at-Arms
22:04 Gold Mining
22:54 Fletching
25:38 Forging
25:30 Fishing Lines
26:50 Stone Mining
29:29 Castle Age
27:38 Horse Collar
30:30 Gillnets
34:37 Heavy Plow
36:58 Bodkin Arrow
37:39 Iron Casting
39:05 Double-Bit Axe
39:43 Pikeman
40:24 Squires
43:14 Imperial Age
41:41 Ballistics
41:17 Murder Holes
41:46 Crossbowman
风清扬
0:49 Loom
13:46 Feudal Age
14:34 Horse Collar
14:47 Gold Mining
16:49 Stone Mining
16:53 Double-Bit Axe
22:23 Castle Age
24:34 Bloodlines
26:01 Bow Saw
28:43 Heavy Plow
34:10 Fletching
34:33 Forging
34:29 Scale Barding Armor
38:11 Wheelbarrow
37:10 Pikeman
37:10 Man-at-Arms
39:04 Crossbowman
39:06 Elite Skirmisher
40:24 Hand Cart
41:45 Gold Shaft Mining
41:46 Stone Shaft Mining
43:47 Imperial Age
41:56 Scale Mail Armor
41:57 Padded Archer Armor
42:58 Chain Barding Armor
44:15 Husbandry
44:06 Arbalester
45:58 Bodkin Arrow
46:39 Iron Casting
46:19 Chain Mail Armor
47:02 Bracer
47:18 Thumb Ring
Connection lost

Rejoining the realm…

Still unreachable

The connection could not be restored.

Session expired

The server has moved on; the page needs a fresh start.